[ AOE2 MATCH · #490519404 ]
UnrankedBengalis vs Turks
Player's team · WIN
Rival team · LOSS
[ REPLAY ANALYSIS · EXTRACTED FROM THE RECORDED GAME ]
Feudal
9:31
Castle
13:12
Imperial
—
| APM avg | 48.9 |
| APM peak | 82 |
| eAPM avg | 23.0 |
| Villagers / military | 74 / 144 |
Focus
⚔️ 36.9% · 🌾 63.1%
Spearman ×69 · Monk ×58 · Armored Elephant ×15 · Petard ×1 · Mangonel ×1
Feudal
11:23
Castle
14:58
Imperial
—
| APM avg | 37.0 |
| APM peak | 75 |
| eAPM avg | 20.0 |
| Villagers / military | 126 / 76 |
Focus
⚔️ 35.7% · 🌾 64.3%
Scout Cavalry ×60 · Monk ×8 · Mangonel ×6 · Janissary ×2
Match map
Initial resources + every placement click. Lines = walls · curves = elevation contours. ◆ gold · ⬟ stone · ● berries · ✦ relic · ◌ wall gap
Your base· ✓ Closed at 13:12 · 0t walls · 2 gate(s)
Sorete del Sur's base· ✓ Closed at 14:58 · 0t walls · 2 gate(s)
Smoothed initial terrain · ◌ = detected wall gap · hover for details
Inputs per minute
— CTM | Crawly94 - - Sorete del Sur
Build order — CTM | Crawly94
First 150 of 298 actions detected
| 0:00 | Create | Villager (Male) |
| 0:01 | Create | Villager (Male) |
| 0:01 | Create | Villager (Male) |
| 0:02 | Build | House |
| 0:03 | Build | House |
| 0:03 | Create | Villager (Male) |
| 0:03 | Create | Villager (Male) |
| 1:29 | Create | Villager (Male) |
| 1:51 | Build | Lumber Camp |
| 2:03 | Create | Villager (Male) |
| 2:04 | Create | Villager (Male) |
| 2:26 | Create | Villager (Male) |
| 2:59 | Create | Villager (Male) |
| 3:35 | Create | Villager (Male) |
| 3:35 | Create | Villager (Male) |
| 3:35 | Create | Villager (Male) |
| 4:04 | Build | Mill |
| 4:16 | Create | Villager (Male) |
| 4:17 | Create | Villager (Male) |
| 4:17 | Create | Villager (Male) |
| 4:38 | Create | Villager (Male) |
| 4:39 | Create | Villager (Male) |
| 4:50 | Build | House |
| 6:00 | Create | Villager (Male) |
| 6:00 | Create | Villager (Male) |
| 6:00 | Create | Villager (Male) |
| 6:01 | Create | Villager (Male) |
| 6:08 | Build | House |
| 7:21 | Research | Feudal Age |
| 7:22 | Research | Feudal Age |
| 8:12 | Create | Villager (Male) |
| 8:13 | Research | Loom |
| 9:31 | Age | Feudal Age |
| 9:37 | Build | Market |
| 9:40 | Build | Blacksmith |
| 10:32 | Research | Castle Age |
| 10:32 | Research | Castle Age |
| 10:54 | Build | Mining Camp |
| 11:36 | Research | Double-Bit Axe |
| 11:36 | Research | Double-Bit Axe |
| 11:42 | Build | House |
| 11:48 | Create | Villager (Male) |
| 12:44 | Build | House |
| 13:12 | Age | Castle Age |
| 13:15 | Build | Monastery |
| 13:18 | Build | Monastery |
| 13:30 | Create | Villager (Male) |
| 13:30 | Create | Villager (Male) |
| 13:57 | Create | Monk |
| 14:01 | Research | Sanctity |
| 14:11 | Build | Barracks |
| 14:22 | Create | Villager (Male) |
| 14:39 | Create | Monk |
| 14:50 | Create | Spearman |
| 14:51 | Create | Spearman |
| 15:12 | Create | Monk |
| 15:25 | Create | Monk |
| 15:25 | Create | Monk |
| 15:30 | Build | Farm |
| 15:30 | Build | Farm |
| 15:30 | Build | Farm |
| 15:31 | Build | Farm |
| 15:31 | Build | Farm |
| 15:31 | Build | Farm |
| 15:31 | Build | Farm |
| 15:49 | Create | Spearman |
| 15:52 | Create | Monk |
| 16:25 | Create | Spearman |
| 16:29 | Create | Monk |
| 16:29 | Create | Monk |
| 16:35 | Build | Siege Workshop |
| 16:44 | Create | Spearman |
| 17:04 | Build | Farm |
| 17:06 | Create | Villager (Male) |
| 17:09 | Build | House |
| 17:16 | Build | House |
| 17:34 | Create | Armored Elephant |
| 17:56 | Research | Pikeman (upgrade) |
| 17:59 | Build | House |
| 18:27 | Create | Monk |
| 18:51 | Build | House |
| 18:52 | Create | Monk |
| 18:52 | Create | Monk |
| 18:54 | Create | Villager (Male) |
| 18:55 | Create | Villager (Male) |
| 19:00 | Create | Spearman |
| 19:15 | Create | Monk |
| 19:19 | Create | Villager (Male) |
| 19:19 | Create | Villager (Male) |
| 19:23 | Build | Farm |
| 19:25 | Create | Villager (Male) |
| 19:32 | Build | House |
| 19:33 | Build | House |
| 19:34 | Build | House |
| 19:56 | Build | Outpost |
| 20:02 | Create | Villager (Male) |
| 20:04 | Create | Monk |
| 20:40 | Research | Fervor |
| 20:48 | Build | House |
| 20:49 | Build | House |
| 20:53 | Create | Armored Elephant |
| 21:02 | Create | Spearman |
| 21:02 | Create | Spearman |
| 21:37 | Create | Villager (Male) |
| 21:42 | Create | Armored Elephant |
| 22:11 | Research | Redemption |
| 22:12 | Research | Redemption |
| 22:20 | Build | House |
| 22:25 | Create | Villager (Male) |
| 22:25 | Create | Villager (Male) |
| 22:34 | Create | Spearman |
| 22:34 | Create | Spearman |
| 23:20 | Create | Spearman |
| 23:21 | Create | Villager (Male) |
| 23:21 | Create | Villager (Male) |
| 23:23 | Build | House |
| 23:23 | Build | House |
| 23:36 | Research | Atonement |
| 23:38 | Create | Monk |
| 23:38 | Create | Monk |
| 23:42 | Build | Farm |
| 23:42 | Build | Farm |
| 23:43 | Create | Villager (Male) |
| 23:48 | Build | Farm |
| 23:48 | Build | Farm |
| 24:36 | Create | Monk |
| 24:36 | Create | Monk |
| 24:36 | Create | Monk |
| 24:37 | Create | Monk |
| 24:39 | Create | Spearman |
| 24:40 | Create | Spearman |
| 24:40 | Create | Spearman |
| 24:41 | Create | Spearman |
| 25:06 | Create | Spearman |
| 25:06 | Create | Spearman |
| 25:06 | Create | Spearman |
| 25:27 | Create | Villager (Male) |
| 25:28 | Create | Villager (Male) |
| 25:44 | Create | Spearman |
| 25:45 | Create | Spearman |
| 26:05 | Create | Monk |
| 26:06 | Create | Monk |
| 26:13 | Create | Villager (Male) |
| 26:13 | Create | Villager (Male) |
| 26:18 | Build | Farm |
| 26:18 | Build | Farm |
| 26:19 | Build | Farm |
| 26:19 | Build | Farm |
| 26:34 | Create | Armored Elephant |
| 26:34 | Create | Armored Elephant |
Build order — Sorete del Sur
First 150 of 325 actions detected
| 0:01 | Create | Villager (Male) |
| 0:01 | Create | Villager (Male) |
| 0:02 | Build | House |
| 0:04 | Build | House |
| 0:04 | Create | Villager (Male) |
| 0:17 | Create | Villager (Male) |
| 1:16 | Create | Villager (Male) |
| 1:46 | Build | Lumber Camp |
| 2:00 | Create | Villager (Male) |
| 2:29 | Create | Villager (Male) |
| 2:29 | Create | Villager (Male) |
| 3:06 | Create | Villager (Male) |
| 3:26 | Build | House |
| 3:42 | Create | Villager (Male) |
| 3:42 | Create | Villager (Male) |
| 3:59 | Build | Mill |
| 4:12 | Create | Villager (Male) |
| 4:29 | Create | Villager (Male) |
| 5:02 | Create | Villager (Male) |
| 5:03 | Create | Villager (Male) |
| 5:03 | Create | Villager (Male) |
| 5:36 | Build | House |
| 5:53 | Create | Villager (Male) |
| 5:53 | Create | Villager (Male) |
| 6:07 | Create | Villager (Male) |
| 6:17 | Create | Villager (Male) |
| 6:31 | Create | Villager (Male) |
| 6:48 | Create | Villager (Male) |
| 7:40 | Build | House |
| 7:52 | Create | Villager (Male) |
| 8:19 | Create | Villager (Male) |
| 8:45 | Create | Villager (Male) |
| 8:52 | Build | Mining Camp |
| 9:06 | Research | Feudal Age |
| 10:00 | Build | Farm |
| 10:08 | Build | Barracks |
| 10:09 | Create | Villager (Male) |
| 10:10 | Create | Villager (Male) |
| 10:39 | Build | Farm |
| 10:54 | Build | House |
| 11:23 | Age | Feudal Age |
| 11:25 | Build | Stable |
| 11:30 | Build | Blacksmith |
| 11:47 | Build | Farm |
| 11:50 | Build | Farm |
| 11:57 | Build | Farm |
| 12:10 | Build | Farm |
| 12:18 | Research | Castle Age |
| 12:18 | Research | Castle Age |
| 12:18 | Research | Castle Age |
| 12:22 | Build | House |
| 12:56 | Build | House |
| 13:09 | Research | Double-Bit Axe |
| 13:14 | Create | Scout Cavalry |
| 13:25 | Build | Farm |
| 13:28 | Build | Farm |
| 13:39 | Build | House |
| 13:57 | Create | Scout Cavalry |
| 14:12 | Create | Scout Cavalry |
| 14:16 | Build | House |
| 14:40 | Build | Market |
| 14:41 | Build | House |
| 14:44 | Build | House |
| 14:46 | Create | Scout Cavalry |
| 14:46 | Create | Villager (Male) |
| 14:52 | Build | House |
| 14:54 | Build | House |
| 14:58 | Age | Castle Age |
| 15:17 | Create | Villager (Male) |
| 15:22 | Build | Farm |
| 15:26 | Build | Farm |
| 15:28 | Build | Farm |
| 15:41 | Build | House |
| 15:50 | Create | Scout Cavalry |
| 15:51 | Create | Villager (Male) |
| 16:20 | Create | Scout Cavalry |
| 16:20 | Create | Scout Cavalry |
| 16:31 | Create | Villager (Male) |
| 16:35 | Build | Farm |
| 16:40 | Build | Monastery |
| 16:41 | Create | Villager (Male) |
| 17:03 | Create | Villager (Male) |
| 17:08 | Build | Farm |
| 17:13 | Create | Scout Cavalry |
| 17:33 | Build | Farm |
| 17:36 | Build | Farm |
| 17:38 | Create | Monk |
| 17:49 | Create | Villager (Male) |
| 17:51 | Create | Scout Cavalry |
| 18:56 | Create | Villager (Male) |
| 19:01 | Create | Monk |
| 19:02 | Create | Monk |
| 19:08 | Create | Villager (Male) |
| 19:20 | Create | Scout Cavalry |
| 19:20 | Create | Scout Cavalry |
| 19:29 | Research | Devotion |
| 19:34 | Create | Villager (Male) |
| 19:45 | Build | Lumber Camp |
| 19:46 | Create | Scout Cavalry |
| 19:48 | Create | Villager (Male) |
| 19:52 | Build | Stable |
| 20:24 | Build | Siege Workshop |
| 20:39 | Create | Villager (Male) |
| 20:49 | Create | Mangonel |
| 20:49 | Create | Mangonel |
| 20:57 | Research | Forging |
| 21:24 | Research | Bloodlines |
| 21:25 | Create | Villager (Male) |
| 21:31 | Create | Villager (Male) |
| 21:34 | Build | Mining Camp |
| 21:35 | Create | Villager (Male) |
| 21:37 | Build | Farm |
| 21:47 | Create | Monk |
| 22:21 | Create | Villager (Male) |
| 22:21 | Create | Villager (Male) |
| 22:22 | Create | Scout Cavalry |
| 22:22 | Create | Scout Cavalry |
| 22:26 | Create | Villager (Male) |
| 22:39 | Create | Scout Cavalry |
| 22:40 | Create | Scout Cavalry |
| 23:07 | Create | Villager (Male) |
| 23:08 | Create | Villager (Male) |
| 23:13 | Create | Villager (Male) |
| 23:36 | Build | Stone Wall |
| 23:40 | Create | Monk |
| 23:40 | Create | Villager (Male) |
| 24:33 | Create | Villager (Male) |
| 24:33 | Create | Scout Cavalry |
| 24:33 | Create | Scout Cavalry |
| 24:41 | Create | Villager (Male) |
| 24:57 | Create | Villager (Male) |
| 25:01 | Create | Villager (Male) |
| 25:02 | Create | Villager (Male) |
| 25:08 | Create | Villager (Male) |
| 25:08 | Create | Villager (Male) |
| 25:17 | Create | Monk |
| 25:26 | Create | Villager (Male) |
| 25:46 | Create | Villager (Male) |
| 25:46 | Create | Villager (Male) |
| 25:48 | Create | Scout Cavalry |
| 26:08 | Create | Mangonel |
| 26:16 | Create | Villager (Male) |
| 26:17 | Create | Villager (Male) |
| 26:20 | Build | Town Center |
| 26:21 | Create | Villager (Male) |
| 26:27 | Create | Villager (Male) |
| 26:27 | Create | Villager (Male) |
| 26:29 | Research | Loom |
| 26:39 | Create | Scout Cavalry |
| 27:05 | Create | Scout Cavalry |
Match timeline
| 9:31 | CTM | Crawly94 · age_up feudal |
| 10:08 | Sorete del Sur · first_building Barracks |
| 10:30 | CTM | Crawly94 · first_market_sell 100 stone |
| 11:23 | Sorete del Sur · age_up feudal |
| 11:25 | Sorete del Sur · first_building Stable |
| 13:12 | CTM | Crawly94 · age_up castle |
| 13:15 | CTM | Crawly94 · first_building Monastery |
| 14:11 | CTM | Crawly94 · first_building Barracks |
| 14:58 | Sorete del Sur · age_up castle |
| 16:35 | CTM | Crawly94 · first_building Siege Workshop |
| 16:40 | Sorete del Sur · first_building Monastery |
| 17:33 | CTM | Crawly94 · first_market_buy 100 food |
| 20:20 | Sorete del Sur · first_market_buy 100 wood |
| 20:24 | Sorete del Sur · first_building Siege Workshop |
| 23:36 | Sorete del Sur · wall_segment Stone Wall x1 |
| 35:36 | CTM | Crawly94 · first_building Castle |
| 35:57 | Sorete del Sur · first_building Castle |
| 45:13 | Sorete del Sur · resign |
[ AI ANALYSIS · 1 CREDIT ]
What really happened in this match?
Wolo.gg analyzes every decision: build order, eco, micro, common mistakes by bracket. Personalized analysis on WhatsApp or Discord in 30 seconds.
Civ guide
Bengalis
Perfil
Jugador #20107364